 Dungeon Sprint DCSS version 0.30.1-11-g7821555f0a (webtiles) character file.

Game seed: 4656599424548279956

25 Groucho the Sneak (level 3, -4/19 HPs)
             Began as a Tengu Enchanter on Dec 17, 2023.
             Slain by an ogre
             ... wielding a +0 giant club
              (23 damage)
             ... in the Dungeon (Sprint I: "Red Sonja").
             The game lasted 00:00:55 (257 turns).

Groucho the Sneak (Tengu Enchanter)                  Turns: 257, Time: 00:00:56

Health: -4/19      AC:  2    Str:  8    XL:     3   Next: 4%
Magic:  1/7        EV: 12    Int: 17    God:
Gold:   0          SH:  0    Dex: 14    Spells: 1/6 levels left

rFire   . . .        a - +1 dagger
rCold   . . .        (no shield)
rNeg    . . .        b - +0 robe
rPois   .            (helmet restricted)
rElec   .            (no cloak)
rCorr   .            (no gloves)
SInv    .            (boots unavailable)
Will    .....        (no amulet)
Stlth   +++          (no ring)
HPRegen 0.23/turn    (no ring)
MPRegen 0.10/turn

%: no teleportation
@: no status effects
A: beak, talons 3
a: no special abilities


You were in the Dungeon.
You visited 1 branch

Inventory:

Hand Weapons
 a - a +1 dagger (weapon)
Armour
 b - a +0 robe (worn)
Wands
 h - a wand of paralysis (11)
Scrolls
 i - a scroll of blinking
Potions
 c - 2 potions of invisibility
 d - a potion of curing
 e - a potion of heal wounds
 f - a potion of haste
 g - 2 potions of magic


   Skills:
 - Level 1.1 Short Blades
 - Level 2.1 Dodging
 + Level 7.0 Stealth
 - Level 2.0 Spellcasting
 - Level 2.1 Hexes


You had one spell level left.
You knew the following spells:

 Your Spells              Type           Power      Damage    Failure   Level
a - Ensorcelled Hibernat  Hex/Ice        10%        N/A       19%         2
b - Confusing Touch       Hex            9%         N/A       24%         3

Your spell library contained the following spells:

 Spells                   Type           Power      Damage    Failure   Level
 Tukima's Dance           Hex            9%         N/A       24%         3
 Dazzling Flash           Conj/Hex       10%        N/A       36%         3


Dungeon Overview and Level Annotations

Branches:
Dungeon (1/1)

Altars:


Innate Abilities, Weirdness & Mutations

You have a beak for a mouth.
You have claws for feet.


Message History

You start memorising the spell.
You continue memorising. x2
You finish memorising.
Spell assigned to 'a'.
This spell is astonishingly dangerous to cast!
Memorise Confusing Touch, consuming 3 spell levels and leaving 1?
You start memorising the spell.
You continue memorising. x3
You finish memorising.
Spell assigned to 'b'.
You can't memorise that many levels of magic yet!
Unknown command.
You can't memorise that many levels of magic yet!
Unknown command.
As you open the door, it creaks loudly!
You hear a shout!
An ogre comes into view. It is wielding a +0 giant club.
Things that are here:
a +0 club; a +0 ring mail Cast which spell? (? or * to list)
Aiming: Ensorcelled Hibernation (safe; 19% risk of failure)
Press: ? - help, Shift-Dir - straight line, f - ogre
Aim: an ogre, wielding a +0 giant club (chance to affect: 38%)
The ogre resists with some effort.
There is an open door here.
The ogre attacks as you move away! The ogre misses you.
Casting: Ensorcelled Hibernation (safe; 19% risk of failure)
Confirm with . or Enter, or press ? or * to list all spells.
Aiming: Ensorcelled Hibernation (safe; 19% risk of failure)
Press: ? - help, Shift-Dir - straight line, f/p - ogre
Aim: an ogre, wielding a +0 giant club (chance to affect: 38%)
The ogre resists with some effort.
The ogre closely misses you.
Casting: Ensorcelled Hibernation (safe; 19% risk of failure)
Confirm with . or Enter, or press ? or * to list all spells.
Aiming: Ensorcelled Hibernation (safe; 19% risk of failure)
Press: ? - help, Shift-Dir - straight line, f/p - ogre
Aim: an ogre, wielding a +0 giant club (chance to affect: 38%)
The ogre looks drowsy...
The helpless ogre fails to defend itself.
You impale the ogre!! You peck the ogre.
The ogre is almost dead.
The ogre hits you with a +0 giant club!!
Ouch! That really hurt!
You die...

##########
#<.#..'..#
#..').#
#..####
#O.# #@.#
#..# #⌠⌠#
####


You could see an ogre.

Vanquished Creatures
  Ijyb (D)
1 creature vanquished.

Notes
Turn   | Place    | Note
-------+----------+-------------------------------------------
     0 | D        | Groucho the Tengu Enchanter began the quest for the Orb.
     0 | D        | Reached XP level 1. HP: 10/10 MP: 4/4
     2 | D        | Noticed Ijyb
     9 | D        | Killed Ijyb
    10 | D        | Reached skill level 7 in Stealth
    10 | D        | Reached XP level 2. HP: 15/15 MP: 6/6
    10 | D        | Reached XP level 3. HP: 19/19 MP: 7/7
   242 | D        | Learned a level 2 spell: Ensorcelled Hibernation
   246 | D        | Learned a level 3 spell: Confusing Touch
   247 | D        | Noticed an ogre
   257 | D        | Slain by an ogre

Illustrated notes

Levels and vault maps discovered:
D:        dungeon_sprint_1 [red_sonja_temple_1, red_sonja_temple_small_1]

Skill      XL: |  1 |
---------------+----+-----
Stealth        | 7 |  7.0
Short Blades   | |  1.1
Dodging        | |  2.1
Spellcasting   | |  2.0
Hexes          | |  2.1

Action                     || total
---------------------------++-------
  Melee: Dagger            ||     5
         Peck              ||     2
   Cast: Ensorcelled Hiber ||     3
    Use: Potion            ||     1
   Stab: Sleeping          ||     2
  Dodge: Dodged            ||     4
